 Dungeon Crawl Stone Soup version 0.31-a0-202-g547052bce9 (webtiles) character file.

Game seed: 631966144372163608

366 qw the Skirmisher (level 6, -8/35 HPs)
             Began as a Deep Elf Hunter on June 26, 2023.
             Mangled by an iguana (12 damage)
             ... on level 4 of the Dungeon.
             The game lasted 00:00:49 (2247 turns).

qw the Skirmisher (Deep Elf Hunter)                 Turns: 2247, Time: 00:00:50

Health: -8/35      AC:  8    Str: 10    XL:     6   Next: 40%
Magic:  8/8        EV: 11    Int: 14    God:
Gold:   179        SH:  0    Dex: 18    Spells: 5/5 levels left

rFire   . . .        Y - +0 shortbow
rCold   . . .        (shield currently unavailable)
rNeg    . . .        b - +0 ring mail
rPois   .            (no helmet)
rElec   .            h - +2 cloak
rCorr   .            (no gloves)
SInv    .            (no boots)
Will    .....        (no amulet)
Stlth   +            (no ring)
HPRegen 0.25/turn    (no ring)
MPRegen 0.11/turn

%: no passive effects
@: no status effects
A: no striking features
a: no special abilities


You were on level 4 of the Dungeon.
You visited 1 branch of the dungeon, and saw 4 of its levels.

You collected 179 gold pieces.


   Skills:
 + Level 1.9 Fighting
 - Level 10.0 Ranged Weapons
 - Level 2.4 Dodging
 - Level 1.2 Stealth


You had 5 spell levels left.
You didn't know any spells.
Your spell library was empty.

Inventory:

Hand Weapons
 Y - a +0 shortbow (weapon)
Armour
 b - a +0 ring mail (worn)
 h - a +2 cloak (worn)
Scrolls
 a - a scroll of identify
Potions
 c - a potion of attraction {unknown}
 d - a potion of cancellation
 e - a potion of mutation
 f - a potion of curing
 i - a potion of magic {unknown}

Dungeon Overview and Level Annotations

Branches:
Dungeon (4/15)
 Temple: D:4-7

Altars:
Qazlal


Message History

An adder comes into view.
The adder hisses angrily.
An iguana comes into view.
Enter note: You shoot an arrow.
The iguana hisses angrily.
The arrow hits the iguana.
The iguana is lightly wounded.
You shoot an arrow. The arrow hits the iguana.
The iguana is lightly wounded.
The iguana bites you!
You shoot an arrow.
The arrow hits the iguana but does no damage.
The iguana is lightly wounded.
The iguana bites you!
You shoot an arrow.
The arrow hits the iguana but does no damage.
The iguana is lightly wounded.
The adder misses you. The iguana bites you!
You shoot an arrow.
The arrow hits the iguana but does no damage.
The iguana is lightly wounded.
The adder bites you but does no damage. The iguana bites you.
You shoot an arrow. The arrow completely misses the iguana.
The adder misses you. The iguana barely misses you.
You shoot an arrow.
The arrow hits the iguana but does no damage.
The iguana is lightly wounded.
The adder misses you. The adder bites you but does no damage.
The iguana bites you but does no damage.
You shoot an arrow. The arrow barely misses the iguana.
The adder bites you but does no damage.
The iguana bites you but does no damage.
You shoot an arrow. The arrow barely misses the iguana.
The adder closely misses you. The iguana bites you.
You shoot an arrow. The arrow hits the iguana.
The iguana is moderately wounded.
The adder bites you but does no damage. The adder bites you.
The iguana bites you!
You die...

#........##.######
##.#.#.##.........#
..<..........####.#
##.....##.#### #.#
##.).###.....# #.#
##.## #.###.# #.#
#.# #.# #.# #.#
#.###.###.# #+#
#......S@.#
#####...l.#
.........#
.###..##.# #.. #.#
.... ..# ###. ..#
#. ..#


You could see an iguana and an adder.

Vanquished Creatures
  Grinder (D:3)
  Jessica (D:3)
  An iguana (D:4)
  Terence (D:3)
  An adder (D:3)
  4 orcs (D:3)
  7 endoplasms
  A giant cockroach (D:1)
  5 hobgoblins
  6 jackals (D:1)
  7 kobolds
  4 ball pythons
  4 bats
  2 frilled lizards
  10 goblins
  3 rats
58 creatures vanquished.

Notes
Turn   | Place    | Note
-------+----------+-------------------------------------------
     0 | D:1      | qw the Deep Elf Hunter began the quest for the Orb.
     0 | D:1      | Reached XP level 1. HP: 12/12 MP: 3/3
     0 | D:1      | 0 ||| qw: Version: 0.3-a-22-g0ed2b0b
     0 | D:1      | 0 ||| qw: Game counter: 6272
     0 | D:1      | 0 ||| qw: Melee chars always use a shield: true
     0 | D:1      | 0 ||| qw: God list: Okawaru
     0 | D:1      | 0 ||| qw: Allow faded altars: false
     0 | D:1      | 0 ||| qw: Do Orc after clearing Dungeon:15 true
     0 | D:1      | 0 ||| qw: Do second Lair branch before Depths: true
     0 | D:1      | 0 ||| qw: Lair rune preference: random
     0 | D:1      | 0 ||| qw: Goals: Normal
     0 | D:1      | 0 ||| PLANNING D:1-11
    67 | D:1      | Reached skill level 6 in Ranged Weapons
    67 | D:1      | Reached XP level 2. HP: 16/16 MP: 4/4
   239 | D:1      | Reached XP level 3. HP: 20/20 MP: 5/5
   379 | D:1      | 379 ||| UPGRADING to +0 cloak.
   384 | D:1      | 384 ||| READING scroll labelled UDGHIBU PASMOGULO.
   385 | D:1      | 385 ||| DROPPING scroll of butterflies.
   443 | D:2      | Found a faded altar of an unknown god.
   715 | D:2      | You fall into a shaft and drop 2 floors!
   715 | D:4      | Found a stormy altar of Qazlal.
   812 | D:4      | Reached skill level 7 in Ranged Weapons
   868 | D:4      | Reached XP level 4. HP: 16/25 MP: 6/6
   923 | D:4      | 923 ||| DRINKING 2 fizzy purple potions.
   967 | D:3      | HP: 5/25 [orc/+0 hand axe (4)]
  1085 | D:3      | 1085 ||| UPGRADING to +0 ring mail.
  1095 | D:3      | 1095 ||| DROPPING +0 leather armour.
  1163 | D:2      | Identified the +7 whip "Iguirot" {elec, Str+3 Int+2}
  1621 | D:3      | Noticed Jessica
  1627 | D:3      | Killed Jessica
  1628 | D:3      | Reached skill level 8 in Ranged Weapons
  1721 | D:3      | Noticed Grinder
  1730 | D:3      | Paralysed by Grinder for 2 turns
  1739 | D:3      | Killed Grinder
  1740 | D:3      | Reached skill level 10 in Ranged Weapons
  1740 | D:3      | Reached XP level 5. HP: 29/29 MP: 7/7
  1740 | D:3      | Reached XP level 6. HP: 34/34 MP: 8/8
  1799 | D:3      | Noticed Terence
  1810 | D:3      | Killed Terence
  2154 | D:3      | 2154 ||| READING 3 scrolls labelled WEYGAS FAN.
  2155 | D:3      | 2155 ||| READING 2 scrolls of enchant armour.
  2155 | D:3      | 2155 ||| ENCHANTING +0 cloak.
  2156 | D:3      | 2156 ||| READING scroll of enchant armour.
  2156 | D:3      | 2156 ||| ENCHANTING +1 cloak.
  2157 | D:3      | 2157 ||| READING scroll labelled FUSESS GIOGRIG.
  2158 | D:3      | 2158 ||| DRINKING 2 cyan potions.
  2159 | D:3      | 2159 ||| READING 3 scrolls of identify.
  2159 | D:3      | 2159 ||| IDENTIFYING clear potion
  2160 | D:3      | 2160 ||| READING 2 scrolls of identify.
  2160 | D:3      | 2160 ||| IDENTIFYING amethyst potion
  2161 | D:3      | 2161 ||| DROPPING potion of brilliance.
  2246 | D:4      | HP: 6/35 [iguana (4)]
  2247 | D:4      | Mangled by an iguana

Levels and vault maps discovered:
D:1:      dpeg_arrival_connections, layout_rooms
D:2:      layout_basic, hellmonk_ecumenical_altar_blasted
D:3:      layout_loops_cross, nicolae_concentric_dashed_squares_wild,
          uniq_jessica, uniq_terence, uniq_grinder
D:4:      layout_loops_corners, nicolae_qazlal_scattered_showers, serial_shops,
          nicolae_shop_hallway_stairs, shop, roderic_roman_lattice

Skill      XL: |  1  2  3  4 |
---------------+-------------+-----
Ranged Weapons | 6 7 10 | 10.0
Fighting       | |  1.9
Dodging        | |  2.4
Stealth        | |  1.2

Action                     |  1- 3 |  4- 6 || total
---------------------------+-------+-------++-------
   Fire: Shortbow          |   104 |    95 ||   199
    Use: Scroll            |     1 |     6 ||     7
         Potion            |       |     2 ||     2
 Armour: Leather armour    |     6 |     3 ||     9
         Ring mail         |       |    13 ||    13
  Dodge: Dodged            |    11 |    30 ||    41

Table legend:
 A = Non-vault XP
 B = Vault XP
 C = Vault XP percentage of total XP
 D = Non-vault monster count
 E = Vault monster count
 F = Vault count percentage of total count
                 A         B        C        D         E       F
            +---------+---------+-------+---------+---------+-------
      Total |     147 |     377 |  71.9 |      55 |       3 |   5.2
            +---------+---------+-------+---------+---------+-------
        D:1 |      54 |       0 |   0.0 |      31 |       0 |   0.0
        D:2 |      12 |       0 |   0.0 |       7 |       0 |   0.0
        D:3 |      38 |     377 |  90.8 |      13 |       3 |  18.8
        D:4 |      43 |       0 |   0.0 |       4 |       0 |   0.0
            +---------+---------+-------+---------+---------+-------
